 Seeded DCSS version 0.29-a0-96-g93358da72b (webtiles) character file.

Game seed: 8896313398491821788 (custom seed)

142 innerfire433 the Ducker (level 5, -7/40 HPs)
             Began as a Djinni Monk on Feb 10, 2022.
             Mangled by a killer bee (8 damage)
             ... on level 4 of the Dungeon.
             The game lasted 00:07:19 (3399 turns).

innerfire433 the Ducker (Djinni Monk)               Turns: 3399, Time: 00:07:21

Health: -7/40      AC:  3    Str: 12    XL:     5   Next: 49%
Gold:   118        EV: 14    Int: 11    God:
                   SH:  0    Dex: 16

rFire   + + .      SeeInvis .   e - +3 spear (protect)
rCold   x . .      Faith    .   (no shield)
rNeg    . . .      Spirit   .   b - +0 robe
rPois   ∞          Reflect  .   (no helmet)
rElec   .          Harm     .   (no cloak)
rCorr   .          Rampage  .   p - +0 pair of gloves
Will    .....                   (boots unavailable)
Stlth   ++........              (no amulet)
HPRegen 0.13/turn               (no ring)
MPRegen 0.00/turn               (no ring)

@: flying, hasted, very quick
A: sickness immunity, fire resistance 2, cold vulnerability 1, float, innate
caster, HP casting, extra vitality 1
a: no special abilities


You were on level 4 of the Dungeon.
You visited 1 branch of the dungeon, and saw 4 of its levels.

You collected 118 gold pieces.

Inventory:

Hand Weapons
 a - a +0 spear
 e - a +3 spear of protection (weapon)
Missiles
 i - a throwing net (quivered)
Armour
 b - a +0 robe (worn)
 j - a +0 chain mail
 p - a +0 pair of gloves (worn)
Wands
 c - a wand of charming (4)
Scrolls
 f - a scroll of amnesia
 h - 2 scrolls of identify
 k - a scroll of fog {unknown}
 l - 2 scrolls of vulnerability
 n - a scroll of immolation
 o - a scroll of fear {unknown}
Potions
 m - 2 potions of attraction {unknown}


   Skills:
 - Level 3.1 Fighting
 * Level 3.6 Polearms
 * Level 4.9 Dodging
 - Level 1.7 Stealth


You had one spell level left.
You knew the following spells:

 Your Spells              Type           Power      Damage    Failure   Level
a - Freeze                Ice            0%         1d3       34%         1
b - Corpse Rot            Necr/Air       0%         N/A       47%         2
Your spell library was empty.

Dungeon Overview and Level Annotations

Branches:
Dungeon (4/15)
 Temple: D:4-7

Altars:


Innate Abilities, Weirdness & Mutations

You are immune to sickness and miasma.
You are immune to poison.
Your flesh is very heat resistant. (rF++)
You are vulnerable to cold. (rC-)
You float through the air rather than walking.
You learn spells naturally, not from books.
Your magical power is your life essence.
You have superior vitality. (+4 MHP)


Message History

An adder skeleton comes into view.
You barely miss the killer bee.
The killer bee is heavily wounded.
The killer bee stings you. The hound skeleton bites you.
The jackal bites you but does no damage.
The killer bee stings you! The killer bee stings you!
* * * LOW HITPOINT WARNING * * *
The jackal completely misses you.
You feel better. The hound skeleton closely misses you.
The killer bee closely misses you.
The jackal bites you but does no damage.
The killer bee stings you but does no damage.
The hound skeleton barely misses you.
As you read the scroll labelled CISURH AQOPS, it crumbles to dust.
It is a scroll of amnesia.
You feel forgetful for a moment. The killer bee barely misses you. x2
The kobold barely misses you.
As you read the scroll labelled AMPUAC NIOGU, it crumbles to dust.
Your body is wracked with pain!
* * * LOW HITPOINT WARNING * * *
The jackal convulses!
The killer bee convulses!
The kobold convulses!
The jackal convulses!
It was a scroll of torment.
The killer bee closely misses you. The hound skeleton bites you.
* * * LOW HITPOINT WARNING * * *
The kobold hits you with a +2 dagger of venom.
* * * LOW HITPOINT WARNING * * *
The jackal closely misses you. The killer bee misses you.
As you read the scroll labelled YZXEOLIQES, it crumbles to dust.
It is a scroll of identify.
l - 2 scrolls of vulnerability The killer bee barely misses you.
The hound skeleton closely misses you.
The jackal bites you but does no damage.
The killer bee closely misses you.
The kobold hits you with a +2 dagger of venom.
* * * LOW HITPOINT WARNING * * *
Okay, then.
It was a potion of haste.
You feel yourself speed up. The killer bee stings you!
You die...

....... ##.......
##...8.... ##..#
#..#...# ##.##.###
##ZZ##.# ##Kyh...#
#..@h#########
......###<.......#
.. ..##..
#........##... #.
#............. ..
##........# ..
...###...Z.....#
#..
........<....##..#
#.............#.#
#.###...........#


You could see a killer bee, 2 jackals, a kobold, an adder skeleton and a hound
skeleton.

Vanquished Creatures
  4 gnolls (D:3)
  2 adders
  2 worms (D:3)
  A dart slug (D:2)
  An orc (D:3)
  4 ball pythons
  10 endoplasms
  2 giant cockroaches
  7 goblins
  5 hobgoblins
  6 jackals
  6 kobolds
  6 quokkas
  3 bats
  3 frilled lizards
  9 rats
  A spectral goblin (D:2)
72 creatures vanquished.

Notes
Turn   | Place    | Note
-------+----------+-------------------------------------------
     0 | D:1      | innerfire433 the Djinni Monk began the quest for the Orb.
     0 | D:1      | Reached XP level 1. HP: 20/20 MP: 0/0
     3 | D:1      | Noticed a minotaur skeleton
     5 | D:1      | Noticed a vampire
     9 | D:1      | Noticed a demonspawn zombie
    15 | D:1      | Noticed a human
   358 | D:1      | Reached XP level 2. HP: 25/25 MP: 0/0
   800 | D:1      | Reached XP level 3. HP: 30/30 MP: 0/0
   800 | D:1      | Learned a level 1 spell: Freeze
  1216 | D:2      | Found a faded altar of an unknown god.
  1263 | D:2      | Reached skill level 4 in Dodging
  1652 | D:2      | Reached XP level 4. HP: 32/35 MP: 0/0
  2215 | D:3      | Reached XP level 5. HP: 20/40 MP: 0/0
  2215 | D:3      | Learned a level 2 spell: Corpse Rot
  3398 | D:4      | HP: 1/40 [kobold (3)]
  3399 | D:4      | Mangled by a killer bee

Illustrated notes

Levels and vault maps discovered:
D:1:      shiori_arrival_whats_in_store_for_you, layout_rooms,
          chequers_serial_rivers_room_a
D:2:      layout_loops_cross, dreamdust_ecumenical_altar_drowned_temple,
          nrook_campfire, st_stairs_9, kennysheep_boxes
D:3:      minmay_wonky_spiral, layout_rooms, cheibrodos_sewer_entry_bend
D:4:      layout_rooms, minmay_temple_entry_hall, nicolae_ossuary_entry_plus,
          st_stairs_1, minmay_misc_feat_pillars, kennysheep_generic_room_8

Skill      XL: |  1  2  3 |
---------------+----------+-----
Dodging        | 4 |  4.9
Polearms       | 3 |  3.6
Fighting       | |  3.1
Stealth        | |  1.7

Action                   |  1- 3 |  4- 6 || total
-------------------------+-------+-------++-------
Melee: Spear             |   148 |   133 ||   281
       Punch             |     1 |       ||     1
  Use: Potion            |       |     7 ||     7
       Scroll            |       |     5 ||     5
 Stab: Sleeping          |     9 |     3 ||    12
Armor: Robe              |    14 |    28 ||    42
       Skin              |       |     9 ||     9
Dodge: Dodged            |    78 |    89 ||   167

Table legend: (Time is in decaauts)
 A = Elapsed time spent in this place.
 B = Non-inter-level travel time spent in this place.
 C = Inter-level travel time spent in this place.
 D = Time resting spent in this place.
 E = Time spent auto-exploring this place.
 F = Levels seen in this place.
 G = Mean time per level.
                   A        B        C        D        E       F      G
               +--------+--------+--------+--------+--------+-----+--------+
         Total |   3383 |   3310 |     73 |      0 |   2652 |   4 |  845.8 |
       Dungeon |   3383 |   3310 |     73 |      0 |   2652 |   4 |  845.8 |
               +--------+--------+--------+--------+--------+-----+--------+

Top non-repeatable levels by time:
     D:3: 1211 daAuts
     D:2: 1097 daAuts
     D:1: 1013 daAuts
     D:4: 60 daAuts
